 Dungeon Crawl Stone Soup version 0.29.1-15-g9cfb28693d (webtiles) character file.

Game seed: 5307528998257870638

28 Gabide the Shooter (level 2, -1/17 HPs)
             Began as a Deep Elf Hunter on Apr 6, 2023.
             Slain by a goblin
             ... wielding a +0 dagger
             ... led by Robin
              (2 damage)
             ... on level 1 of the Dungeon.
             The game lasted 00:02:37 (1252 turns).

Gabide the Shooter (Deep Elf Hunter)                Turns: 1252, Time: 00:02:38

Health: -1/17      AC:  3    Str:  8    XL:     2   Next: 96%
Magic:  4/4        EV: 12    Int: 13    God:
Gold:   42         SH:  0    Dex: 18    Spells: 1/1 levels left

rFire   . . .      SeeInvis .   a - +0 shortbow
rCold   . . .      Faith    .   (shield currently unavailable)
rNeg    . . .      Spirit   .   c - +0 leather armour
rPois   .          Reflect  .   (no helmet)
rElec   .          Harm     .   (no cloak)
rCorr   .          Rampage  .   (no gloves)
Will    .....                   (no boots)
Stlth   ++........              (no amulet)
HPRegen 0.05/turn               (no ring)
MPRegen 0.09/turn               (no ring)

@: no status effects
A: no striking features
a: no special abilities


You were on level 1 of the Dungeon.
You visited 1 branch of the dungeon, and saw 2 of its levels.

You collected 42 gold pieces.

Inventory:

Hand Weapons
 a - a +0 shortbow (weapon)
Armour
 c - a +0 leather armour (worn)
Jewellery
 g - a ring of fire
Scrolls
 b - a scroll of immolation
 i - a scroll of magic mapping {unknown}
Potions
 d - 4 potions of curing {unknown}
 e - a potion of flight {unknown}
 f - a potion of degeneration {unknown}
 h - a potion of cancellation {unknown}


   Skills:
 + Level 1.9 Fighting
 * Level 6.0 Ranged Weapons
 + Level 3.0 Dodging
 - Level 1.2 Stealth


You had one spell level left.
You didn't know any spells.
Your spell library was empty.

Dungeon Overview and Level Annotations

Branches:
Dungeon (2/15)

Altars:

Annotations:
D:2 Robin


Message History

The hobgoblin barely misses you.
Your Ranged Weapons skill increases to level 6!
Your Dodging skill increases to level 3!
You shoot an arrow. The arrow hits the hobgoblin.
The hobgoblin is heavily wounded.
The hobgoblin hits you.
You shoot an arrow. The arrow hits the hobgoblin.
You kill the hobgoblin!
No target in view!
No target in view!
No target in view!
No target in view!
No target in view!
You start resting.
HP restored.
You climb downwards.
Level annotation: Robin The hobgoblin shouts!
The goblin shouts!
The goblin hits you with a +0 dagger.
Robin says, "My goblins will feast on your bones."
The goblin hits you with a +0 club.
Robin roars a battlecry!
The goblins go into a battle-frenzy!
The goblin hits you with a +0 club.
There is a stone staircase leading up, spattered with blood here.
The goblin hits you with a +0 dagger. The goblin hits you with a +0 club.
* * * LOW HITPOINT WARNING * * *
You climb upwards.
There is a stone staircase leading down here.
Things that are here:
a stone; a +0 short sword Unknown command.
Okay, then.
Okay, then.
Fire: a) +0 shortbow
Press: ? - help, Q - select action Shift-Dir - straight line, f - goblin
Aim: a goblin, wielding a +0 club (strong, 58% to hit)
You shoot an arrow. The arrow misses the goblin.
The goblin completely misses you. The goblin hits you with a +0 dagger.
You die...

#.######.# #.......# #......#.#
#.#####.# #####..(.# #.# #.#
#.###.###########.## #.# #.#
#..............# #.#
#.###.###########.## #.#
##.>..## ### #.# ###...########
#.# #......g@g.# #.#
#...#.####.#########.# #
##.##.# #...........# #
#.##)####.########### ###
##......##.#
..#######.#.#.#.##.############
.........##......#............#
..#######.#.#)#..#.##########.#
.................#.# #.#


You could see 2 goblins.

Vanquished Creatures
  A dart slug (D:1)
  4 bats (D:1)
  4 endoplasms (D:1)
  A giant cockroach (D:1)
  4 goblins
  2 hobgoblins (D:1)
  A quokka (D:1)
  2 frilled lizards (D:1)
  3 kobolds (D:1)
22 creatures vanquished.

Notes
Turn   | Place    | Note
-------+----------+-------------------------------------------
     0 | D:1      | Gabide the Deep Elf Hunter began the quest for the Orb.
     0 | D:1      | Reached XP level 1. HP: 12/12 MP: 3/3
   181 | D:1      | Reached XP level 2. HP: 5/17 MP: 4/4
   581 | D:1      | Found a faded altar of an unknown god.
  1164 | D:2      | Noticed Robin
  1181 | D:1      | Reached skill level 6 in Ranged Weapons
  1252 | D:1      | Slain by a goblin

Illustrated notes

Levels and vault maps discovered:
D:1:      lemuel_arrival_behind_the_door_small, layout_loops_ring,
          dreamdust_ecumenical_altar_grove, minmay_tripent
D:2:      layout_loops_corners, uniq_sigmund, uniq_robin

Skill      XL: |  1  2 |
---------------+-------+-----
Ranged Weapons | 6 |  6.0
Dodging        | 3 |  3.0
Fighting       | |  1.9
Stealth        | |  1.2

Action                   || total
-------------------------++-------
 Fire: Shortbow          ||    71
Armor: Leather armour    ||    13
Dodge: Dodged            ||    38
